TOP OF THE 1ST |
State College Spikes batting - Pitching for Savannah Hogs : RHP Edgar Martínez
|
Pitching: RHP Edgar Martínez
|
|
Batting: RHB Alonzo Herrera
|
0-0: Called Strike 0-1: Swinging Strike 0-2: Ball 1-2: Ground out 6-3 (Groundball, 6)
|
Batting: RHB Joaquín Vásquez
|
0-0: Foul Ball, location: 2F 0-1: Ball 1-1: DOUBLE (Flyball, 89M)
|
Batting: RHB Eric Knight
|
0-0: Hit by Pitch
|
Batting: SHB Clint Woods
|
0-0: Ball 1-0: Ball 2-0: Foul Ball, location: 2F 2-1: Swinging Strike 2-2: Foul Ball, location: 2F 2-2: Ball 3-2: Ground out 3-1 (Groundball, 34S) Joaquín Vásquez to third Eric Knight to second
|
Batting: RHB Blair Whitehead
|
0-0: Swinging Strike 0-1: Foul Ball, location: 2F 0-2: Ball 1-2: Ball 2-2: Ball 3-2: Base on Balls
|
Batting: RHB Martín López
|
0-0: Called Strike 0-1: Foul Ball, location: 2F 0-2: Foul Ball, location: 2F 0-2: Ball 1-2: Strikes out looking
|
Top of the 1st over - 0 run(s), 1 hit(s), 0 error(s), 3 left on base; State College 0 - Savannah 0 |
BOTTOM OF THE 1ST |
Savannah Hogs batting - Pitching for State College Spikes : LHP Alberto Ruíz
|
Pitching: LHP Alberto Ruíz
|
|
Batting: RHB Miguel Toro
|
0-0: Ball 1-0: Called Strike 1-1: Ball 2-1: Ground out 5-3 (Groundball, 6)
|
Batting: RHB Jackson Gibson
|
0-0: Ball 1-0: Called Strike 1-1: Ball 2-1: Swinging Strike 2-2: Foul Ball, location: 2F 2-2: Ball 3-2: Foul Ball, location: 2F 3-2: Strikes out swinging
|
Batting: RHB Remi Eruzione
|
0-0: Swinging Strike 0-1: Ball 1-1: Ground out 4-3 (Groundball, 4S)
|
Bottom of the 1st over - 0 run(s), 0 hit(s), 0 error(s), 0 left on base; State College 0 - Savannah 0 |
TOP OF THE 2ND |
State College Spikes batting - Pitching for Savannah Hogs : RHP Edgar Martínez
|
Batting: RHB Norberto Márquez
|
0-0: Fly out, F3 (Popup, 3F)
|
Batting: RHB Luis Montoya
|
0-0: Ball 1-0: Called Strike 1-1: Ball 2-1: Foul Ball, location: 2F 2-2: Ball 3-2: Strikes out swinging
|
Batting: LHB Burt Ward
|
0-0: Swinging Strike 0-1: Called Strike 0-2: Ball 1-2: Ball 2-2: Ball 3-2: Fly out, F2 (Popup, 25F)
|
Top of the 2nd over - 0 run(s), 0 hit(s), 0 error(s), 0 left on base; State College 0 - Savannah 0 |
BOTTOM OF THE 2ND |
Savannah Hogs batting - Pitching for State College Spikes : LHP Alberto Ruíz
|
Batting: LHB Ramón Morales
|
0-0: Swinging Strike 0-1: Called Strike 0-2: DOUBLE (Line Drive, 89M) - OUT at third base trying to stretch hit.
|
Batting: RHB Javier Martínez
|
0-0: Ball 1-0: Swinging Strike 1-1: Foul Ball, location: 2F 1-2: Foul Ball, location: 2F 1-2: Foul Ball, location: 2F 1-2: Ball 2-2: Ball 3-2: Base on Balls
|
Batting: LHB Ivan Costello
|
0-0: Called Strike 0-1: Called Strike 0-2: Grounds into double play, 6-4-3 (Groundball, 6M)
|
Bottom of the 2nd over - 0 run(s), 1 hit(s), 0 error(s), 0 left on base; State College 0 - Savannah 0 |
TOP OF THE 3RD |
State College Spikes batting - Pitching for Savannah Hogs : RHP Edgar Martínez
|
Batting: RHB Alonzo Herrera
|
0-0: Foul Ball, location: 2F 0-1: Foul Ball, location: 2F 0-2: Foul Ball, location: 2F 0-2: Foul Ball, location: 2F 0-2: DOUBLE (Flyball, 8LXD)
|
Batting: RHB Joaquín Vásquez
|
0-0: Called Strike 0-1: Ball 1-1: Reached on Error, E6 (Popup, 6M) Alonzo Herrera to third
|
Batting: RHB Eric Knight
|
0-0: Called Strike 0-1: Foul Ball, location: 2F 0-2: Ball 1-2: Fly out, F6 (Popup, 56D)
|
Batting: SHB Clint Woods
|
0-0: Ball 1-0: Foul Ball, location: 2F 1-1: Foul Ball, location: 2F 1-2: Strikes out swinging
|
Batting: RHB Blair Whitehead
|
0-0: Ball 1-0: Ball 2-0: Ball 3-0: Called Strike 3-1: Called Strike 3-2: DOUBLE (Flyball, 78D) Alonzo Herrera scores Joaquín Vásquez to third Joaquín Vásquez scores
|
Batting: RHB Martín López
|
0-0: Ball 1-0: Foul Ball, location: 2F 1-1: Swinging Strike 1-2: Ball 2-2: Foul Ball, location: 2F 2-2: Foul Ball, location: 2F 2-2: SINGLE (Line Drive, 8RS) Blair Whitehead to third Runner from 3rd tries for Home, SAFE, no throw or cutoff
|
Batting: RHB Norberto Márquez
|
0-0: Ball Martín López steals 2nd base 1-0: SINGLE (Line Drive, 6D) Martín López to third Runner from 3rd tries for Home, SAFE, no throw or cutoff
|
Batting: RHB Luis Montoya
|
0-0: Called Strike Norberto Márquez steals 2nd base 0-1: Ball 1-1: Ground out 6-3 (Groundball, 6)
|
Top of the 3rd over - 4 run(s), 4 hit(s), 1 error(s), 1 left on base; State College 4 - Savannah 0 |
BOTTOM OF THE 3RD |
Savannah Hogs batting - Pitching for State College Spikes : LHP Alberto Ruíz
|
Batting: RHB Anastasio Movonda
|
0-0: Called Strike 0-1: Ball 1-1: Bunt missed! 1-2: Fly out, F3 (Popup, 23F)
|
Batting: RHB Júlio Peña
|
0-0: Called Strike 0-1: Ball 1-1: Called Strike 1-2: Strikes out swinging
|
Batting: LHB Jim Clemente
|
0-0: Called Strike 0-1: Called Strike 0-2: Ball 1-2: Foul Ball, location: 2F 1-2: Strikes out swinging
|
Bottom of the 3rd over - 0 run(s), 0 hit(s), 0 error(s), 0 left on base; State College 4 - Savannah 0 |
TOP OF THE 4TH |
State College Spikes batting - Pitching for Savannah Hogs : RHP Edgar Martínez
|
Batting: LHB Burt Ward
|
0-0: Foul Ball, location: 2F 0-1: Ball 1-1: Ball 2-1: Foul Ball, location: 2F 2-2: Strikes out looking
|
Batting: RHB Alonzo Herrera
|
0-0: Ball 1-0: Called Strike 1-1: Foul Ball, location: 2F 1-2: Strikes out swinging
|
Batting: RHB Joaquín Vásquez
|
0-0: Called Strike 0-1: Ball 1-1: Foul Ball, location: 2F 1-2: Strikes out swinging
|
Top of the 4th over - 0 run(s), 0 hit(s), 0 error(s), 0 left on base; State College 4 - Savannah 0 |
BOTTOM OF THE 4TH |
Savannah Hogs batting - Pitching for State College Spikes : LHP Alberto Ruíz
|
Batting: RHB Miguel Toro
|
0-0: Ball 1-0: Ball 2-0: Ground out 5-3 (Groundball, 56S)
|
Batting: RHB Jackson Gibson
|
0-0: Ball 1-0: Bunted foul 1-1: Foul Ball, location: 2F 1-2: Strikes out looking
|
Batting: RHB Remi Eruzione
|
0-0: Ground out 5-3 (Groundball, 5S)
|
Bottom of the 4th over - 0 run(s), 0 hit(s), 0 error(s), 0 left on base; State College 4 - Savannah 0 |
TOP OF THE 5TH |
State College Spikes batting - Pitching for Savannah Hogs : RHP Edgar Martínez
|
Pitching: RHP Jorge Durán
|
|
Batting: RHB Eric Knight
|
0-0: Ball 1-0: Called Strike 1-1: Fly out, F3 (Popup, 3F)
|
Batting: SHB Clint Woods
|
0-0: Called Strike 0-1: Called Strike 0-2: Ball 1-2: Ball 2-2: SINGLE (Groundball, 56D)
|
Batting: RHB Blair Whitehead
|
0-0: Foul Ball, location: 2F 0-1: Ball 1-1: Called Strike 1-2: Ball 2-2: Foul Ball, location: 2F 2-2: Ball 3-2: Foul Ball, location: 2F 3-2: Foul Ball, location: 2F 3-2: Foul Ball, location: 2F 3-2: Foul Ball, location: 2F 3-2: Base on Balls Clint Woods to second
|
Batting: RHB Martín López
|
0-0: Foul Ball, location: 2F 0-1: Swinging Strike 0-2: Strikes out looking
|
Batting: RHB Norberto Márquez
|
0-0: Ball 1-0: Ground out 1-3 (Groundball, 15S)
|
Top of the 5th over - 0 run(s), 1 hit(s), 0 error(s), 2 left on base; State College 4 - Savannah 0 |
BOTTOM OF THE 5TH |
Savannah Hogs batting - Pitching for State College Spikes : LHP Alberto Ruíz
|
Batting: LHB Ramón Morales
|
0-0: Ball 1-0: Fly out, F7 (Flyball, 78M)
|
Batting: RHB Javier Martínez
|
0-0: Called Strike 0-1: Ball 1-1: Called Strike 1-2: Ball 2-2: Ball 3-2: Base on Balls
|
Batting: LHB Ivan Costello
|
0-0: Ball 1-0: DOUBLE (Flyball, 8LXD) Javier Martínez to third
|
Batting: RHB Anastasio Movonda
|
0-0: Called Strike 0-1: Swinging Strike 0-2: TRIPLE (Line Drive, 3L) Javier Martínez scores Ivan Costello scores
|
Batting: RHB Júlio Peña
|
0-0: Foul Ball, location: 2F 0-1: Swinging Strike 0-2: Strikes out swinging
|
Batting: LHB Jim Clemente
|
0-0: SINGLE (Groundball, 34D) Anastasio Movonda scores
|
Batting: RHB Miguel Toro
|
0-0: Ball 1-0: Ball 2-0: Fielders Choice at 2nd, 5-4 (Groundball, 56)
|
Bottom of the 5th over - 3 run(s), 3 hit(s), 0 error(s), 0 left on base; State College 4 - Savannah 3 |
TOP OF THE 6TH |
State College Spikes batting - Pitching for Savannah Hogs : RHP Jorge Durán
|
Batting: RHB Luis Montoya
|
0-0: Ball 1-0: Ground out 6-3 (Groundball, 6)
|
Batting: LHB Burt Ward
|
0-0: Ball 1-0: Ball 2-0: Ball 3-0: Base on Balls
|
Batting: RHB Alonzo Herrera
|
0-0: Ball 1-0: Called Strike 1-1: Ball 2-1: Ball 3-1: Fly out, F9 (Flyball, 89M)
|
Batting: RHB Joaquín Vásquez
|
0-0: Ball 1-0: Ball 2-0: Foul Ball, location: 2F 2-1: Foul Ball, location: 2F 2-2: Strikes out swinging
|
Top of the 6th over - 0 run(s), 0 hit(s), 0 error(s), 1 left on base; State College 4 - Savannah 3 |
BOTTOM OF THE 6TH |
Savannah Hogs batting - Pitching for State College Spikes : LHP Alberto Ruíz
|
Batting: RHB Jackson Gibson
|
0-0: SINGLE (Groundball, 3D)
|
Batting: RHB Remi Eruzione
|
0-0: SINGLE (Groundball, 6MD) Jackson Gibson to second
|
Batting: LHB Ramón Morales
|
0-0: Called Strike 0-1: Swinging Strike 0-2: Ball 1-2: Strikes out swinging
|
Batting: RHB Javier Martínez
|
0-0: Called Strike 0-1: Called Strike 0-2: Ball 1-2: Strikes out looking
|
Batting: LHB Ivan Costello
|
0-0: Foul Ball, location: 2F 0-1: Fly out, F9 (Flyball, 9M)
|
Bottom of the 6th over - 0 run(s), 2 hit(s), 0 error(s), 2 left on base; State College 4 - Savannah 3 |
TOP OF THE 7TH |
State College Spikes batting - Pitching for Savannah Hogs : RHP Jorge Durán
|
Pitching: RHP Luis Sánchez
|
|
Batting: RHB Eric Knight
|
0-0: Ball 1-0: Fly out, F8 (Flyball, 8RD)
|
Batting: SHB Clint Woods
|
0-0: Called Strike 0-1: Ball 1-1: Foul Ball, location: 2F 1-2: Ball 2-2: Ball 3-2: Base on Balls
|
Batting: RHB Blair Whitehead
|
0-0: SINGLE (Line Drive, 7LS) Clint Woods to second
|
Batting: RHB Martín López
|
0-0: Ball 1-0: Called Strike 1-1: SINGLE (Flyball, 4D) Clint Woods to third Blair Whitehead to second
|
Pinch Hitting: SHB Thomas Simmons
|
0-0: Ball 1-0: Foul Ball, location: 2F 1-1: Called Strike 1-2: Foul Ball, location: 2F 1-2: Strikes out swinging
|
Batting: RHB Luis Montoya
|
0-0: Called Strike 0-1: TRIPLE (Line Drive, 8RM) Clint Woods scores Blair Whitehead scores Martín López scores
|
Pitching: RHP Danny Lee
|
|
Batting: LHB Burt Ward
|
0-0: Ball 1-0: Foul Ball, location: 2F 1-1: Foul Ball, location: 2F 1-2: Strikes out swinging
|
Top of the 7th over - 3 run(s), 3 hit(s), 0 error(s), 1 left on base; State College 7 - Savannah 3 |
BOTTOM OF THE 7TH |
Savannah Hogs batting - Pitching for State College Spikes : LHP Alberto Ruíz
|
Now at 3B: Rafael Ortíz
|
|
Batting: RHB Anastasio Movonda
|
0-0: Swinging Strike 0-1: Ball 1-1: Called Strike 1-2: TRIPLE (Line Drive, 8RM)
|
Pitching: RHP António Zapata
|
|
Batting: RHB Júlio Peña
|
0-0: Ball 1-0: Foul Ball, location: 2F 1-1: Ball 2-1: Ground out 5-3 (Groundball, 56) Anastasio Movonda scores
|
Batting: LHB Jim Clemente
|
0-0: Called Strike 0-1: Foul Ball, location: 2F 0-2: Fly out, F6 (Popup, 6M)
|
Batting: RHB Miguel Toro
|
0-0: Called Strike 0-1: Swinging Strike 0-2: Foul Ball, location: 2F 0-2: Ball 1-2: Foul Ball, location: 2F 1-2: SINGLE (Line Drive, 6MD)
|
Batting: RHB Jackson Gibson
|
0-0: Called Strike 0-1: Ball 1-1: Called Strike 1-2: Strikes out swinging
|
Bottom of the 7th over - 1 run(s), 2 hit(s), 0 error(s), 1 left on base; State College 7 - Savannah 4 |
TOP OF THE 8TH |
State College Spikes batting - Pitching for Savannah Hogs : RHP Danny Lee
|
Batting: RHB Alonzo Herrera
|
0-0: Ball 1-0: Called Strike 1-1: Foul Ball, location: 2F 1-2: Strikes out swinging
|
Batting: RHB Joaquín Vásquez
|
0-0: Called Strike 0-1: Ball 1-1: Swinging Strike 1-2: Strikes out looking
|
Batting: RHB Eric Knight
|
0-0: Ball 1-0: Ball 2-0: Ball 3-0: Base on Balls
|
Batting: SHB Clint Woods
|
0-0: Called Strike 0-1: Called Strike 0-2: Ball 1-2: Foul Ball, location: 2F 1-2: Fly out, F7 (Flyball, 7M)
|
Top of the 8th over - 0 run(s), 0 hit(s), 0 error(s), 1 left on base; State College 7 - Savannah 4 |
BOTTOM OF THE 8TH |
Savannah Hogs batting - Pitching for State College Spikes : RHP António Zapata
|
Batting: RHB Remi Eruzione
|
0-0: Called Strike 0-1: Foul Ball, location: 2F 0-2: Ball 1-2: Strikes out swinging
|
Batting: LHB Ramón Morales
|
0-0: Ball 1-0: Ball 2-0: Ball 3-0: Base on Balls
|
Pitching: RHP Chris Mitchell
|
|
Batting: RHB Javier Martínez
|
0-0: Called Strike 0-1: Foul Ball, location: 2F 0-2: Ball 1-2: Strikes out swinging
|
Batting: LHB Ivan Costello
|
0-0: Swinging Strike 0-1: Ball 1-1: Called Strike 1-2: Foul Ball, location: 2F 1-2: Strikes out swinging
|
Bottom of the 8th over - 0 run(s), 0 hit(s), 0 error(s), 1 left on base; State College 7 - Savannah 4 |
TOP OF THE 9TH |
State College Spikes batting - Pitching for Savannah Hogs : RHP Danny Lee
|
Batting: RHB Blair Whitehead
|
0-0: Ground out 6-3 (Groundball, 6M)
|
Batting: RHB Martín López
|
0-0: Ball 1-0: Fly out, F8 (Flyball, 8RD)
|
Batting: RHB Rafael Ortíz
|
0-0: Ball 1-0: Called Strike 1-1: Ball 2-1: Ball 3-1: Swinging Strike 3-2: Foul Ball, location: 2F 3-2: Base on Balls
|
Batting: RHB Luis Montoya
|
0-0: Ball 1-0: Swinging Strike 1-1: Ball 2-1: Swinging Strike 2-2: Ball 3-2: Base on Balls Rafael Ortíz to second
|
Batting: LHB Burt Ward
|
0-0: Ball 1-0: SINGLE (Line Drive, 7S) Rafael Ortíz to third Luis Montoya to second Runner from 3rd tries for Home, SAFE, no throw or cutoff
|
Batting: RHB Alonzo Herrera
|
0-0: Ground out 6-3 (Groundball, 6)
|
Top of the 9th over - 1 run(s), 1 hit(s), 0 error(s), 2 left on base; State College 8 - Savannah 4 |
BOTTOM OF THE 9TH |
Savannah Hogs batting - Pitching for State College Spikes : RHP Chris Mitchell
|
Batting: RHB Anastasio Movonda
|
0-0: Ball 1-0: Foul Ball, location: 2F 1-1: Fly out, F9 (Flyball, 9LM)
|
Batting: RHB Júlio Peña
|
0-0: Called Strike 0-1: Ball 1-1: Ball 2-1: Foul Ball, location: 2F 2-2: Ball 3-2: SOLO HOME RUN (Flyball, 7D), Distance : 376 ft
|
Pitching: RHP Bryan Glover
|
|
Batting: LHB Jim Clemente
|
0-0: Ball 1-0: Ball 2-0: Ball 3-0: Called Strike 3-1: Base on Balls
|
Batting: RHB Miguel Toro
|
0-0: Swinging Strike 0-1: Foul Ball, location: 2F 0-2: Ball 1-2: Strikes out swinging
|
Batting: RHB Jackson Gibson
|
0-0: Ball 1-0: Ball 2-0: Ball 3-0: Called Strike 3-1: Foul Ball, location: 2F 3-2: Base on Balls Jim Clemente to second
|
Pinch Hitting: LHB Manny Hernández
|
0-0: Swinging Strike 0-1: Ball 1-1: Foul Ball, location: 2F 1-2: Foul Ball, location: 2F 1-2: Ball 2-2: Ball 3-2: Base on Balls Jim Clemente to third Jackson Gibson to second
|
Batting: LHB Ramón Morales
|
0-0: Foul Ball, location: 2F 0-1: Ball 1-1: Hit by Pitch Jim Clemente scores Jackson Gibson to third Manny Hernández to second
|
Batting: RHB Javier Martínez
|
0-0: Fly out, F8 (Flyball, 8LM)
|
Bottom of the 9th over - 2 run(s), 1 hit(s), 0 error(s), 3 left on base; State College 8 - Savannah 6 |
|